Map: Orbital Shipyard

Players

Wellmet - Winner!

  • Race: Terran Terran
  • League: Platinum

Ukoter

  • Race: Zerg Zerg
  • League: Platinum

VOD

Have the link to the VOD?

Description

Time

  • Played on: Nov. 12, 2015, 10:36 p.m.
  • Length: 9:12
Show
View Real Time Build Order
Export as new Build Order

Wellmet Terran - Winner!

Build Orders: Reaper Expand, MMM Bio 

Get SALT Encoding   

  12  0:01  SCV  
  13  0:13  SCV  
  14  0:18  Supply Depot  
  14  0:25  SCV  
  15  0:39  SCV  
  15  0:41  Barracks  
  16  0:46  Refinery  
  16  0:51  SCV  
  17  1:03  SCV  
  18  1:15  SCV  
  19  1:28  Orbital Command  
  19  1:30  Reaper  
  20  1:42  Command Center  
  20  1:57  SCV  
  20  1:58  Supply Depot  
  21  2:08  Barracks Reactor  
  21  2:09  SCV  
  22  2:21  SCV  
  23  2:27  Factory  
  23  2:34  SCV  
  24  2:49  Marine x2  
  25  2:52  SCV  
  25  2:55  Command Center  
  26  2:59  Orbital Command  
  26  3:04  SCV  
  27  3:11  Refinery  
  27  3:13  Starport  
  27  3:17  SCV  
  28  3:23  Hellion x2  
  28  3:26  SCV  
  33  3:29  Barracks Tech Lab  
  33  3:34  SCV  
  34  3:42  SCV  
  34  3:44  Hellion x2  
  34  3:46  SCV  
  40  3:48  Marine  
  40  3:52  Viking  
  40  3:55  SCV  
  44  3:58  SCV  
  44  4:01  Stimpack  
  45  4:06  Marine  
  45  4:07  SCV  
  49  4:10  Hellion x2  
  49  4:14  Orbital Command  
  49  4:16  SCV  
  52  4:19  SCV  
  53  4:28  SCV  
  53  4:30  Starport Reactor  
  54  4:31  SCV  
  54  4:35  Marauder  
  57  4:40  SCV  
  57  4:43  SCV, Orbital Command  
  57  4:44  Barracks  
  59  4:46  Factory Reactor  
  59  4:51  Barracks x2  
  59  4:52  SCV  
  61  4:56  SCV  
  59  5:05  SCV  
  59  5:06  Refinery  
  58  5:07  Engineering Bay  
  58  5:08  SCV, Engineering Bay  
  58  5:09  Refinery  
  58  5:11  Marauder  
  61  5:20  Supply Depot  
  61  5:24  Supply Depot  
  61  5:40  Terran Infantry Weapons Level 1, Starport Reactor  
  61  5:41  Terran Infantry Armor Level 1, SCV x3  
  64  5:43  Factory Tech Lab  
  64  5:44  Marine  
  64  5:45  Marine x3  
  68  5:50  Supply Depot  
  68  5:51  Marine x3  
  68  5:53  SCV x3  
  74  6:02  Bunker, Marine x2  
  76  6:05  SCV  
  76  6:09  Supply Depot  
  77  6:11  Marine x3  
  77  6:12  SCV x2, Siege Tank, Combat Shields  
  77  6:13  Marauder  
  77  6:14  Supply Depot  
  77  6:17  SCV  
  88  6:21  Armory, Marine x2  
  88  6:22  Medivac  
  88  6:24  SCV  
  93  6:28  Missile Turret  
  93  6:30  Missile Turret, Medivac  
  93  6:31  SCV  
  96  6:34  Missile Turret  
  96  6:36  Supply Depot, Marine  
  96  6:37  Marine  
  96  6:38  Marine  
  99  6:41  SCV  
  99  6:43  Marauder  
  99  6:44  Marine x2  
  99  6:46  Liberator  
  104  6:50  Siege Tank  
  104  6:52  Marine  
  104  6:53  Liberator  
  108  6:55  Supply Depot  
  108  6:56  Marine  
  108  6:59  Supply Depot  
  108  7:00  Marine x2  
  112  7:15  Marine x2  
  115  7:20  Marine  
  108  7:25  SCV x2  
  108  7:27  Marine x2  
  108  7:29  Command Center  
  112  7:30  Supply Depot  
  112  7:35  Siege Tank  
  112  7:36  Marine x2  
  117  7:39  Barracks  
  117  7:48  Supply Depot, Marine x4  
  117  7:51  Liberator  
  121  7:56  Barracks  
  121  8:00  Refinery, Marine x2  
  122  8:07  Siege Tank  
  122  8:11  SCV x2  
  130  8:14  Marine x3  
  130  8:17  SCV  
  131  8:22  Supply Depot, Barracks  
  131  8:23  SCV  
  131  8:24  SCV, Supply Depot  
  133  8:29  SCV  
  133  8:30  Marine x2  
  133  8:31  Marine  
  135  8:35  SCV  
  135  8:36  Barracks Reactor  
  135  8:39  SCV  
  135  8:41  SCV  
  135  8:46  Marine x4  
  135  8:47  Marine  
Show
View Real Time Build Order
Export as new Build Order

Ukoter Zerg 

Build Orders: Hatch First, Muta Ling Bane 

Get SALT Encoding   

  12  0:01  Drone  
  13  0:13  Overlord  
  13  0:17  Drone  
  14  0:33  Drone x2  
  14  0:35  Drone  
  17  0:54  Hatchery  
  17  0:56  Drone  
  17  1:00  Drone  
  17  1:03  Extractor  
  17  1:07  Drone  
  18  1:20  Spawning Pool  
  18  1:23  Drone  
  18  1:29  Drone  
  19  1:39  Overlord  
  19  1:57  Drone  
  20  2:07  Queen x2  
  24  2:09  Metabolic Boost  
  24  2:10  Zergling x2  
  24  2:13  Drone  
  26  2:16  Drone  
  26  2:19  Zergling x2  
  29  2:22  Drone  
  28  2:50  Lair  
  28  2:51  Drone x3  
  28  2:52  Drone x2  
  28  2:54  Overlord  
  28  2:57  Extractor  
  32  3:03  Drone  
  32  3:05  Drone  
  34  3:18  Hatchery  
  34  3:19  Drone x2  
  35  3:25  Drone  
  35  3:26  Drone x2  
  38  3:41  Roach Warren  
  36  3:42  Drone x3  
  39  3:51  Drone x3  
  39  3:53  Extractor  
  39  3:55  Baneling Nest  
  40  4:00  Queen  
  42  4:04  Zergling x4  
  42  4:05  Overlord  
  44  4:21  Overlord  
  44  4:22  Extractor  
  43  4:28  Roach x2  
  43  4:29  Roach x3  
  52  4:34  Queen  
  54  4:44  Queen  
  53  5:07  Ravager x3  
  53  5:13  Drone x3  
  53  5:14  Centrifical Hooks  
  59  5:18  Zergling x14  
  66  5:28  Spire  
  65  5:35  Overseer  
  65  5:46  Overlord x2  
  65  5:48  Drone  
  65  6:05  Drone  
  65  6:06  Drone x12  
  78  6:13  Overlord  
  78  6:16  Hatchery  
  77  6:18  Ravager  
  77  6:19  Ravager  
  77  6:21  Extractor  
  77  6:23  Extractor  
  77  6:28  Drone x2  
  77  6:29  Drone  
  80  6:39  Drone x2, Overlord  
  82  6:40  Overlord  
  82  6:42  Baneling x4  
  82  6:43  Baneling x7  
  82  6:44  Baneling  
  82  6:55  Overseer  
  82  6:58  Drone x5  
  87  7:13  Mutalisk x4, Zergling x8  
  87  7:25  Roach x5  
  97  7:33  Baneling x2  
  97  7:34  Baneling x4  
  97  7:37  Glial Reconstitution  
  97  7:43  Mutalisk x3  
  103  8:12  Zergling x2  
  100  8:13  Overlord x4  
  98  8:32  Corruptor x6  
  106  8:42  Zergling x16  
  106  8:43  Zergling x8  
  104  8:53  Zergling x2  
Tags
 
Add a new tag
Caveats
  • Supply blocks, unpowered buildings, or Contaminate may cause inaccurate times.
  • Supply counts are checked every 10 seconds.